 Dungeon Crawl Stone Soup version 0.30.1-9-gdf580d7c3d (webtiles) character file.

Game seed: 6115255088230811967

4984 bearlyready the Grappler (level 10, 0/98 HPs)
             Began as a Troll Transmuter on Oct 15, 2023.
             Was an Elder of Cheibriados.
             Killed from afar by a steam dragon (14 damage)
             ... with a ball of steam
             ... on level 9 of the Dungeon on Oct 16, 2023.
             The game lasted 00:14:37 (5887 turns).

bearlyready the Grappler (Troll Transmuter)         Turns: 5887, Time: 00:14:38

Health: 0/98       AC:  8    Str: 31    XL:     10   Next: 29%
Magic:  9/11       EV: 10    Int: 20    God:    Cheibriados [****..]
Gold:   548        SH:  0    Dex: 19    Spells: 8/11 levels left

rFire   . .          .
                       - Unarmed
rCold   . . .        (no shield)
rNeg    . . .        x - +0 troll leather armour {Pargi}
rPois   +            (helmet currently unavailable)
rElec   .            k - +1 cloak
rCorr   .            (gloves unavailable)
SInv    .            (boots unavailable)
Will    +....        (no amulet)
Stlth   +            v - ring of willpower
HPRegen 1.96/turn    s - ring of poison resistance
MPRegen 0.12/turn

%: no passive effects
@: appendages, wereblooded, very slow
A: horns 2, talons 2, large, unfitting armour, claws 3, regeneration 1, shaggy
fur 1, tough skin 1
a: End Transformation, Renounce Religion, Bend Time, Temporal Distortion, Slouch


You were on level 9 of the Dungeon.
You worshipped Cheibriados.
Cheibriados was greatly pleased with you.
You had temporarily grown beastly horns and talons.
You visited 2 branches of the dungeon, and saw 12 of its levels.
You also visited: Sewer and Bailey.

You collected 548 gold pieces.

Inventory:

Missiles
 e - 5 curare-tipped darts (quivered)
 w - 8 poisoned darts
 G - a throwing net
Armour
 k - a +1 cloak (worn)
 l - the +1 robe of the Filigreed God {Dex+3}
   (You found it on level 2 of the Dungeon)

   Dex:       It affects your dexterity (+3).
 x - a +0 troll leather armour (worn) {Pargi}
 y - +0 fire dragon scales
Jewellery
 n - a ring of flight
 s - a ring of poison resistance (right claw)
 v - a ring of willpower (left claw)
Wands
 r - a wand of iceblast (7)
 u - a wand of flame (26)
 B - a wand of digging (5)
Scrolls
 c - 2 scrolls of enchant armour
 d - 3 scrolls of poison
 i - 3 scrolls of enchant weapon
 j - 5 scrolls of teleportation
 m - 5 scrolls of noise
Potions
 a - a potion of brilliance {unknown}
 b - 4 potions of lignification
 f - 3 potions of curing
 g - a potion of cancellation {unknown}
 h - 3 potions of degeneration {unknown}
 o - 3 potions of mutation
 p - 2 potions of heal wounds {unknown}
 q - a potion of berserk rage {unknown}
 t - 3 potions of attraction {unknown}
 A - 2 potions of might {unknown}
 D - 2 potions of haste {unknown}
 F - 2 potions of resistance


   Skills:
 - Level 6.0 Fighting
 - Level 1.5 Dodging
 + Level 11.5 Unarmed Combat
 - Level 1.2 Spellcasting
 - Level 5.1 Transmutations
 + Level 3.3 Invocations


You had 8 spell levels left.
You knew the following spells:

 Your Spells              Type           Power      Damage    Failure   Level
a - Beastly Appendage     Tmut           42%        N/A       2%          1
b - Wereblood             Tmut           21%        N/A       3%          2

Your spell library contained the following spells:

 Spells                   Type           Power      Damage    Failure   Level
 Spider Form              Tmut/Pois      11%        N/A       21%         3
 Ice Form                 Ice/Tmut       11%        N/A       54%         4


Dungeon Overview and Level Annotations

Branches:
Dungeon (11/15)            Temple (1/1) D:6           Sewer (visited)
 Bailey (visited)
   Lair: D:8-11         Orc: D:9-12

Altars:
Ashenzari
Cheibriados
Dithmenos
Elyvilon
Fedhas
Gozag
Kikubaaqudgha
Makhleb
Nemelex Xobeh
Okawaru
Qazlal
Ru
Sif Muna
Trog
Uskayaw
Wu Jian
Xom
Yredelemnul
Zin
The Shining One

Shops:
D:4 *


Innate Abilities, Weirdness & Mutations

You have temporarily grown beastly horns and talons.
You are too large for most types of armour.
You have claws for hands.
Your natural rate of healing is unusually fast.
You are covered in fur. (AC +1)
You have tough skin. (AC +1)


Message History

You are too injured to fight recklessly!
You are too injured to fight recklessly!
You are too injured to fight recklessly!
You are too injured to fight recklessly!
You are too injured to fight recklessly!
You are too injured to fight recklessly!
You are too injured to fight recklessly!
You are too injured to fight recklessly!
You are too injured to fight recklessly!
You are too injured to fight recklessly!
You howl as the wereblood boils in your veins!
The gnoll closely misses you.
The gnoll hits you from afar with a +0 halberd.
The gnoll sergeant hits you from afar with a +4 spear of flaming!
The gnoll sergeant burns you.
The gnoll sergeant hits you from afar with a +4 spear of flaming!
The gnoll sergeant burns you. The gnoll hits you but does no damage.
The gnoll closely misses you.
The gnoll enters a dispersal trap!
The gnoll blinks!
You blink.
The gnoll blinks!
The gnoll enters a dispersal trap!
The gnoll blinks!
The yak blinks! x2; You blink.
Found a stone staircase leading up.
The gnoll blinks!
The gnoll closely misses you.
The gnoll hits you from afar with a +0 spear.
The gnoll hits you with a +0 halberd.
The gnoll enters a dispersal trap!
The yak blinks! x2; You blink.
The gnoll blinks!
The gnoll attacks as you move away! The gnoll misses you.
Found a scroll of teleportation.
The gnoll hits you with a +0 flail. The gnoll attacks as you move away!
The gnoll hits you with a +0 flail!
* * * LOW HITPOINT WARNING * * *
The steam dragon breathes steam at you.
The ball of steam hits the gnoll!
The ball of steam hits you!
* * * LOW HITPOINT WARNING * * *
The gnoll is engulfed in a cloud of scalding steam.
The gnoll dies!
You hear a bellow!
As you read the scroll labelled JEATIZ JEIN, it crumbles to dust.
The scroll dissolves into smoke.
It was a scroll of fog.
The steam dragon breathes steam at you. The ball of steam hits you!
You die...

...#^#.###.Y....
####...#)#..##.###
.................
###....ggg#(#...#
#####.Yg....# .
#...<...Y.D.Y#
#.....#.#D##....
#..##.#.#§§##....
#. . #.##@# ....
.....§§§# .
###...§§§#
#......# #......#
#......# #?.....#
########


You could see a steam dragon (catching breath).

Vanquished Creatures
  A two-headed ogre (D:6)
  An orc knight (Bailey)
  Prince Ribbit (D:8)
  Grinder (D:3)
  A steam dragon (D:6)
  2 water moccasins
  Pargi (Sewer)
  2 ice beasts
  7 orc warriors
  2 sky beasts (D:7)
  An ogre (D:4)
  3 black bears (D:6)
  2 centaurs (D:7)
  2 bullfrogs
  2 scorpions (D:6)
  4 wights
  3 howler monkeys
  7 hounds
  2 jellies
  A gnoll bouda (D:4)
  A sleepcap (D:7)
  2 orc priests
  Terence (D:2)
  6 iguanas
  3 orc wizards
  19 gnolls
  9 adders
  A white imp (D:5)
  2 worms
  A dart slug (D:1)
  37 orcs
  21 bats
  11 endoplasms
  5 giant cockroaches
  11 hobgoblins
  7 kobolds
  3 quokkas
  11 ball pythons
  8 frilled lizards
  5 goblins
  3 rats
213 creatures vanquished.

Vanquished Creatures (others)
  A gnoll (D:9)
1 creature vanquished.

Grand Total: 214 creatures vanquished

Notes
Turn   | Place    | Note
-------+----------+-------------------------------------------
     0 | D:1      | bearlyready the Troll Transmuter began the quest for the
                  | Orb.
     0 | D:1      | Reached XP level 1. HP: 18/18 MP: 1/1
   213 | D:1      | Reached XP level 2. HP: 26/26 MP: 2/2
   418 | D:1      | Reached skill level 4 in Unarmed Combat
   425 | D:1      | Reached XP level 3. HP: 32/32 MP: 3/3
   432 | D:1      | Learned a level 2 spell: Wereblood
   937 | D:2      | Identified the +1 robe of the Filigreed God {Dex+3}
  1335 | D:2      | Noticed Terence
  1352 | D:2      | Killed Terence
  1353 | D:2      | Reached XP level 4. HP: 32/40 MP: 4/4
  1658 | D:3      | Noticed Grinder
  1660 | D:3      | Reached skill level 5 in Unarmed Combat
  1660 | D:3      | Reached XP level 5. HP: 46/46 MP: 5/5
  1668 | D:3      | Paralysed by Grinder for 4 turns
  1683 | D:3      | Paralysed by Grinder for 3 turns
  1692 | D:3      | Paralysed by Grinder for 5 turns
  1700 | D:3      | Killed Grinder
  1701 | D:3      | Reached XP level 6. HP: 39/54 MP: 4/6
  1756 | D:3      | Reached skill level 6 in Unarmed Combat
  2097 | D:3      | Found a faded altar of an unknown god.
  2224 | D:3      | Found a stormy altar of Qazlal.
  2424 | D:4      | Found Zin's Purification Station.
  2425 | D:4      | Found a glowing silver altar of Zin.
  2508 | D:4      | Found a glowing golden altar of the Shining One.
  2603 | D:4      | You fall into a shaft and drop 3 floors!
  2639 | D:6      | Reached XP level 7. HP: 55/61 MP: 5/7
  2732 | D:6      | Reached skill level 7 in Unarmed Combat
  2846 | D:6      | Found a staircase to the Ecumenical Temple.
  2859 | Temple   | Entered the Ecumenical Temple
  2910 | Temple   | Became a worshipper of Cheibriados the Contemplative
  3014 | D:6      | Reached XP level 8. HP: 66/68 MP: 5/8
  3022 | D:6      | Reached skill level 5 in Transmutations
  3087 | D:6      | Reached skill level 1 in Fighting
  3131 | D:6      | Reached skill level 8 in Unarmed Combat
  3338 | D:5      | Entered Level 5 of the Dungeon
  3419 | D:5      | Reached * piety under Cheibriados
  3469 | D:5      | Found a glowing drain.
  3485 | Sewer    | Entered a sewer
  3589 | Sewer    | Noticed Pargi
  3593 | Sewer    | Killed Pargi
  3594 | Sewer    | Reached skill level 9 in Unarmed Combat
  3695 | D:4      | Reached ** piety under Cheibriados
  3745 | D:4      | Found a white marble altar of Elyvilon.
  4190 | D:5      | Found a shimmering blue altar of Sif Muna.
  4192 | D:5      | Found an ancient bone altar of Kikubaaqudgha.
  4450 | D:6      | Found a shadowy altar of Dithmenos.
  4480 | D:6      | Noticed a two-headed ogre
  4493 | D:6      | Killed a two-headed ogre
  4494 | D:6      | Reached XP level 9. HP: 14/85 MP: 9/9
  4790 | D:6      | Reached skill level 5 in Fighting
  4852 | D:7      | Reached skill level 10 in Unarmed Combat
  4853 | D:7      | Found an opulent altar of Gozag.
  5398 | D:8      | Noticed Prince Ribbit
  5408 | D:8      | Killed Prince Ribbit
  5408 | D:8      | Reached *** piety under Cheibriados
  5409 | D:8      | Reached skill level 1 in Invocations
  5412 | D:8      | Reached skill level 11 in Unarmed Combat
  5412 | D:8      | Reached XP level 10. HP: 87/98 MP: 6/10
  5439 | D:8      | Found a flagged portal.
  5456 | Bailey   | Entered a bailey
  5640 | Bailey   | Reached **** piety under Cheibriados
  5687 | Bailey   | Noticed an orc knight
  5698 | Bailey   | Killed an orc knight
  5711 | Bailey   | Identified the +0 plate armour of Vlad {rPois Regen+
                  | Stlth+}
  5815 | D:8      | Found a shimmering altar of Xom.
  5815 | D:8      | Found a shimmering altar of Xom.
  5816 | D:8      | Found a shimmering altar of Xom.
  5816 | D:8      | Found a shimmering altar of Xom.
  5816 | D:8      | Noticed a manticore
  5817 | D:8      | Found a shimmering altar of Xom.
  5817 | D:8      | Found a shimmering altar of Xom.
  5820 | D:8      | Found a shimmering altar of Xom.
  5827 | D:8      | You fall into a shaft and drop 3 floors!
  5868 | D:10     | Entered Level 10 of the Dungeon
  5887 | D:9      | Killed from afar by a steam dragon

Illustrated notes

Levels and vault maps discovered:
D:1:      tarquinn_simple_flora_water_e, layout_basic,
          chequers_serial_rivers_small_b, kennysheep_pointless_box
D:2:      layout_loops_ring, serial_park_tiny_2, uniq_terence
D:3:      layout_basic, marbit_many_paths,
          shapermc_ecumenical_altar_totnotflames, uniq_grinder
D:4:      layout_loops_cross, zin_purify, mainiacjoe_overflow_catch_the_wave,
          roderic_batcave
D:5:      layout_rooms, gammafunk_temple_overflow_statue,
          cheibrodos_sewer_entry_sluice
D:6:      minmay_diamond_boxcup, layout_loops_ring, mainiacjoe_overflow_catwalk,
          temple_hall
D:7:      layout_cave_pools, old_standard_altar, kb_lookout_dungeons_type,
          hex_large
D:8:      layout_loops_ring, nicolae_hepliaklqana_hazy_memory, xom_redecorated,
          lightli_bailey_entry_fortress, uniq_prince_ribbit1
D:9:      layout_basic, fiery_altar_vehumet, dpeg_lair_monsters
D:10:     layout_gridville, orc_0_dummy
D:11:     layout_irregular_city, corexii_checkpoint_a
Temple:   hellmonk_temple_of_storms

Skill      XL: |  1  2  3  4  5  6  7  8  9 10 |
---------------+-------------------------------+-----
Unarmed Combat | 4 5 6 7 9 11 | 11.5
Transmutations | 2 3 4 5 |  5.1
Fighting       | 4 6 |  6.0
Invocations    | 1 3 |  3.3
Dodging        | |  1.5
Spellcasting   | |  1.2

Action                     |  1- 3 |  4- 6 |  7- 9 | 10-12 || total
---------------------------+-------+-------+-------+-------++-------
  Melee: Unarmed           |   121 |    84 |   273 |    71 ||   549
         Kick              |     2 |     5 |     6 |     4 ||    17
         Punch             |     1 |     2 |    13 |     4 ||    20
         Headbutt          |       |     2 |     1 |     3 ||     6
  Throw: Dart              |       |       |     9 |     1 ||    10
   Cast: Beastly Appendage |     1 |     2 |     4 |     2 ||     9
         Wereblood         |       |     2 |     7 |     4 ||    13
  Evoke: Wand              |       |       |     1 |     1 ||     2
    Use: Scroll            |       |       |    12 |     1 ||    13
   Stab: Sleeping          |     2 |     2 |     2 |       ||     6
 Armour: Robe              |    34 |    34 |    65 |       ||   133
         Troll leather arm |       |       |    46 |    26 ||    72
  Dodge: Dodged            |    59 |    46 |   163 |    56 ||   324
